 Dungeon Sprint DCSS version 0.21.1-1-g345015f (webtiles) character file.

66722 Mgcat the Slayer (level 14, -15/157 HPs)
             Began as a Minotaur Monk on Mar 1, 2018.
             Was the Champion of Makhleb.
             Demolished by a reaper
             ... wielding a +2 scythe of slicing
              (27 damage)
             ... in the Dungeon (Sprint V: "Ziggurat Sprint").
             The game lasted 00:19:24 (1535 turns).

Mgcat the Slayer (Minotaur Monk)                    Turns: 1535, Time: 00:19:25

Health: -15/157    AC: 40    Str: 21    XL:     14   Next: 80%
Magic:  18/21      EV: 11    Int:  7    God:    Makhleb [******]
Gold:   0          SH: 41    Dex: 21    Spells: 13/13 levels left

rFire    + + +     SeeInvis +   O - +14 obsidian axe {chop, +Fly SInv *Curse} (curse)
rCold    + + .     Gourm    .   I - +18 shield of the Gong {rElec rN+ MR+ EV-5}
rNeg     + . .     Faith    .   P - +5 gold dragon scales
rPois    +         Spirit   .   H - +1 hat
rElec    +         Reflect  +   K - +2 cloak
rCorr    .         Harm     .   b - +1 pair of gloves {Dex+3}
MR       +++..     NoTele   +   E - +0 pair of boots of Inquiry {rF+ rC+ Str-5 Dex+2}
Stlth    ..........             F - brooch of Shielding {Reflect SH+8}
HPRegen  0.36/turn              N - +6 ring of strength
MPRegen  0.17/turn              T - ring of Saini {rF+ MR+ Dex+2}

@: mesmerised, hasted, studying Fighting, very quick
A: retaliatory headbutt, horns 2, thin metallic scales 1
a: Minor Destruction, Lesser Servant of Makhleb, Major Destruction, Greater
Servant of Makhleb, Renounce Religion, Evoke Flight


You were in the Dungeon.
You worshipped Makhleb.
Makhleb was exalted by your worship.
You were very hungry.

You visited 1 branch

Inventory:

Hand Weapons
 m - the +6 morningstar "Cidit" {crush, Dex+7}
   (You found it in the Dungeon)

   It inflicts extra damage upon your enemies.
   It affects your dexterity (+7).
 O - the cursed +14 obsidian axe (weapon) {chop, +Fly SInv *Curse}
   (You found it in the Dungeon)

   It inflicts extra damage upon your enemies.
   It lets you see invisible.
   It lets you fly.
   It curses itself when equipped.
   It has a curse placed upon it.
Armour
 b - a +1 pair of gloves of dexterity (worn)
   (You acquired it in the Dungeon)
 E - the +0 pair of boots of Inquiry (worn) {rF+ rC+ Str-5 Dex+2}
   (You acquired it in the Dungeon)

   It affects your strength (-5).
   It affects your dexterity (+2).
   It protects you from fire.
   It protects you from cold.
 H - a +1 hat (worn)
   (You found it in the Dungeon)
 I - the +18 shield of the Gong (worn) {rElec rN+ MR+ EV-5}
   (You found it in the Dungeon)

   It affects your evasion (-5).
   It insulates you from electricity.
   It protects you from negative energy.
   It affects your resistance to hostile enchantments.
 K - a +2 cloak (worn)
   (You took it off Nikola in the Dungeon)
 P - +5 gold dragon scales (worn)
   (You found it in the Dungeon)
Jewellery
 B - the ring of Jethrywn {Ice Dex+4 Slay+3}
   (You found it in the Dungeon)

   [ring of ice]

   It enhances your ice magic.
   It affects your dexterity (+4).
   It affects your accuracy and damage with ranged weapons and melee attacks
   (+3).
   It makes you vulnerable to fire.
   It protects you from cold.
 F - the brooch of Shielding (around neck) {Reflect SH+8}
   (You found it in the Dungeon)

   [amulet of reflection]

   It shields you and reflects attacks.
   It affects your SH (+8).
 J - the cursed ring "Uruyh" {rC+ EV-2 SInv}
   (You took it off a skeletal warrior in the Dungeon)

   [ring of evasion]

   It affects your evasion (-2).
   It protects you from cold.
   It lets you see invisible.
   It has a curse placed upon it.
 M - the ring of Janucy {rF+ Dex+3 Stlth+}
   (You found it in the Dungeon)

   [ring of protection from fire]

   It affects your dexterity (+3).
   It protects you from fire.
   It makes you more stealthy.
 N - a +6 ring of strength (left hand)
   (You found it in the Dungeon)
 T - the ring of Saini (right hand) {rF+ MR+ Dex+2}
   (You found it in the Dungeon)

   [ring of dexterity]

   It affects your dexterity (+2).
   It protects you from fire.
   It affects your resistance to hostile enchantments.
Wands
 v - a wand of disintegration (7)
   (You found it in the Dungeon)
 w - a wand of iceblast (4)
   (You found it in the Dungeon)
 x - a wand of acid (7)
   (You found it in the Dungeon)
Scrolls
 i - 4 scrolls of blinking {!r}
 p - 4 scrolls of amnesia
 q - 5 scrolls of fog
 r - a scroll of holy word {!r}
 s - 5 scrolls of identify
 t - 5 scrolls of remove curse
 u - 2 scrolls of fear
 R - a scroll of brand weapon
Potions
 d - 12 potions of curing
 e - 6 potions of heal wounds
 f - 8 potions of haste
 g - 7 potions of magic
 h - 3 potions of berserk rage {!q}
 j - 3 potions of brilliance
 k - 2 potions of invisibility
 l - 4 potions of resistance
 n - 5 potions of agility
 o - 4 potions of might
Books
 Q - a manual of Fighting {!d}
   (You found it in the Dungeon)
Miscellaneous
 a - a fan of gales
   (You found it in the Dungeon)
 y - 4 phantom mirrors
 z - a crystal ball of energy
   (You found it in the Dungeon)
 A - 5 boxes of beasts
 C - a lamp of fire
   (You found it in the Dungeon)
 D - a fan of gales
   (You found it in the Dungeon)
 G - a lightning rod (4/4)
   (You found it in the Dungeon)
 L - 2 sacks of spiders
 S - a phial of floods
   (You found it in the Dungeon)
Comestibles
 c - 7 rations


   Skills:
 + Level 23.4 Fighting
 + Level 23.1 Axes
 + Level 20.8 Armour
 + Level 19.2 Dodging
 - Level 1.5 Stealth
 - Level 15.0 Shields
 + Level 11.7 Invocations


You had 13 spell levels left.
You didn't know any spells.

Dungeon Overview and Level Annotations

Branches:
Dungeon (1/1)

Altars:
Ashenzari
Cheibriados
Dithmenos
Elyvilon
Fedhas
Gozag
Hepliaklqana
Kikubaaqudgha
Makhleb
Nemelex Xobeh
Okawaru
Qazlal
Ru
Sif Muna
Trog
Uskayaw
Vehumet
Wu Jian
Xom
Yredelemnul
Zin
The Shining One
Beogh
Jiyva
Lugonu


Innate Abilities, Weirdness & Mutations

You reflexively headbutt those who attack you in melee.
You have a pair of horns on your head.
You are partially covered in thin metallic scales. (AC +2)


Message History

Your sixfirhy hits the tormentor!
The tormentor dies!
Makhleb accepts your kill.
Your sixfirhy hits the adder zombie!
The adder zombie is destroyed!
Makhleb accepts your kill.
The bat zombie barely misses your sixfirhy.
Your sixfirhy hits the bat zombie!
The bat zombie is destroyed!
Makhleb accepts your kill.
The flayed ghost barely misses your sixfirhy.
You block the Hell Sentinel's attack.
GONNNNG!
The Hell Sentinel hits you but does no damage.
You hear a shout!
You hit the Hell Sentinel but do no damage.
You slash the tormentor!
Your sixfirhy barely misses the Hell Sentinel. x2
You block the reaper's attack.
PTOANNNG!
You block the tormentor's attack.
GONNNNG!
You block the tormentor's attack.
GONNNNG!
Your rust devil hits the reaper.
Your rust devil corrodes the reaper!
You hear a screech!
You feel much better.
Your sixfirhy misses the tormentor. The flayed ghost hits your sixfirhy!!
You block the Hell Sentinel's attack.
GONNNNG!
You block the Hell Sentinel's attack.
PTOANNNG!
The bat zombie misses your sixfirhy.
A bat zombie comes into view.
You hit the Hell Sentinel.
You headbutt the Hell Sentinel, but do no damage.
The Hell Sentinel is lightly wounded.
You slice the rust devil!!
Visions of slaying the rust devil flood into your mind.
The bat zombie closely misses your sixfirhy.
Your rust devil hits the reaper.
Your rust devil corrodes the reaper!
A reaper comes into view. It is wielding a scythe of slicing.
You slice the rust devil!!
You break out of your daze!
You kill the rust devil!
Makhleb accepts your kill.
You feel better.
You are struck by the Hell Sentinel's spines.
You slice the Hell Sentinel!! You open a gate to Pandemonium!
A demon appears!
Visions of slaying the Hell Sentinel flood into your mind.
The bat zombie completely misses your sixfirhy.
You block the reaper's attack.
BONNNG!
You block the Hell Sentinel's attack.
GONNNNG!
You block the Hell Sentinel's attack.
GONNNNG!
The reaper hits you from afar with an antimagic scythe.
You feel your power leaking away.
The tormentor calls on the powers of darkness!
The iron giant convulses!
Your body is wracked with pain!
* * * LOW HITPOINT WARNING * * *
You slash the Hell Sentinel!
The Hell Sentinel is moderately wounded.
Your neqoxec disappears in a puff of smoke!
The bat zombie misses your sixfirhy. You block the reaper's attack.
BOUMMMMG!
Your gold dragon scales prevents you from hitting the Hell Sentinel.
The Hell Sentinel is moderately wounded.
The bat zombie closely misses your sixfirhy.
The tormentor calls on the powers of darkness!
The iron giant convulses!
Your body is wracked with pain!
* * * LOW HITPOINT WARNING * * *
The bat zombie hits your sixfirhy but does no damage.
You block the Hell Sentinel's attack.
BOUMMMMG!
You block the Hell Sentinel's attack.
BONNNG!
A mummy and a zombie come into view.
Your gold dragon scales prevents you from hitting the Hell Sentinel.
The Hell Sentinel is moderately wounded.
Your sixfirhy completely misses the reaper.
The bat zombie hits your sixfirhy but does no damage.
The adder zombie moves out of view.
You block the reaper's attack.
GONNNNG!
You block the reaper's attack.
GONNNNG!
Your sixfirhy hits the reaper.
Your sixfirhy shocks the reaper!
The iron giant hits your sixfirhy with a giant club.
You barely miss the Hell Sentinel. You headbutt the Hell Sentinel.
The Hell Sentinel is moderately wounded.
Your sixfirhy hits the iron giant.
Your sixfirhy shocks the iron giant!
The iron giant dies!
Makhleb accepts your kill. The bat zombie misses your sixfirhy.
The Hell Sentinel hits you!
* * * LOW HITPOINT WARNING * * *
You block the Hell Sentinel's attack.
GONNNNG!
The reaper shouts, "Die, Mgcat!"
The reaper hits you from afar with a scythe of slicing!!
You die...

▓.............▓.
|})}[=..▓..:..........▓.
))......▓.............▓.
..M.....▓...........).▓.
........▓...........).▓.
.2.5.4C2▓..▓.......▓..▓.
...........224▓.▓▓▓.....▓▓▓.▓▓
..........W§31▓..▓.......▓..▓.
.........§2Z@▓.............▓.
▓.......▓§34▓......©......▓. .
▓▓.....▓▓▓§§▓▓▓▓▓▓▓▓▓▓▓▓▓▓▓.
...▓.......▓...▓.....8©8.....▓.
...............▓.|:..:[.:||).▓.
.......©.......▓....))|[.:}..▓.
▓▓▓▓▓▓▓▓▓▓▓▓▓▓▓▓...........(.▓.
▓.............▓.
▓.....:......)▓.


You could see an iron giant, a Hell Sentinel, 3 reapers, a rust devil, a
tormentor, a bat zombie, a friendly rust devil, a friendly sixfirhy and a
friendly ynoxinul.

Vanquished Creatures
  Saint Roka (D)
  Nikola (D)
  Rupert (D)
  A lich (D)
  Frances (D)
  An acid blob (D)
  Agnes (D)
  A deep elf sorcerer (D)
  Louise (D)
  2 ghouls (D)
  A stone giant (D)
  A very ugly thing (D)
  2 deep elf annihilators (D)
  A green draconian (D)
  3 yellow draconians (D)
  2 purple draconians (D)
  2 red draconians (D)
  2 death oozes (D)
  An ice dragon (D)
  17 vault guards (D)
  3 dancing weapons (D)
  A satyr (shapeshifter) (D)
  A vampire mage (D)
  A hell knight (D)
  3 skeletal warriors (D)
  An unseen horror (shapeshifter) (D)
  A deep elf archer (D)
  A glowing orange brain (D)
  5 necromancers (D)
  2 deep elf magi (D)
  9 draconians (D)
  A cyclops (D)
  A wolf spider (shapeshifter) (D)
  4 slime creatures (D)
  A moth of wrath (shapeshifter) (D)
  A rust devil (D)
  Psyche (D)
  An eye of devastation (D)
  An ice devil (D)
  A yaktaur (D)
  A tormentor (D)
  2 freezing wraiths (D)
  A guardian mummy (D)
  2 merfolk (D)
  Grinder (D)
  2 hippogriffs (D)
  A tarantella (shapeshifter) (D)
  3 shadows (D)
  An ushabti (D)
  An air elemental (D)
  2 wraiths (D)
  2 neqoxecs (D)
  Edmund (D)
  A hell hound (D)
  2 orc warriors (D)
  A necrophage (D)
  An eye of draining (D)
  A centaur (D)
  A crocodile (shapeshifter) (D)
  6 wights (D)
  4 jellies (D)
  2 orc priests (D)
  2 orc wizards (D)
  2 mummies (D)
  2 white imps (D)
  4 oozes (D)
  2 adder skeletons (D)
  4 adder zombies (D)
  5 orcs (D)
  2 bat skeletons (D)
  2 bat zombies (D)
  A bat simulacrum (D)
  A giant cockroach zombie (D)
  2 leopard gecko zombies (D)
  2 quokka skeletons (D)
153 creatures vanquished.

Vanquished Creatures (collateral kills)
  An iron giant (D)
  A balrug (D)
  A reaper (D)
  A deep elf annihilator (D)
  A yaktaur captain (D)
  An ice dragon (D)
  A vampire mage (D)
  2 skeletal warriors (D)
  2 deep elf magi (D)
  A shining eye (shapeshifter) (D)
  A torpor snail (shapeshifter) (D)
  A tormentor (D)
  A freezing wraith (D)
  A wind drake (shapeshifter) (D)
  3 slime creatures (D)
  A shadow (D)
  A neqoxec (D)
  A necrophage (D)
  2 wights (D)
  2 jellies (D)
  An orc wizard (D)
  A white imp (D)
  An ooze (D)
  An adder zombie (D)
  An adder skeleton (D)
  A bat skeleton (D)
  A bat zombie (D)
  A ball python skeleton (D)
  3 leopard gecko skeletons (D)
37 creatures vanquished.

Vanquished Creatures (others)
  A deep elf high priest (D)
  Sonja (D)
  A deep elf archer (D)
  A necromancer (D)
4 creatures vanquished.

Grand Total: 194 creatures vanquished

Notes
Turn   | Place    | Note
-------+----------+-------------------------------------------
     0 | D        | Found the +6 Majin-Bo {vamp, Archmagi MP+6 Int+6}
     0 | D        | Found the +7 great mace "Firestarter" {inner flame, rF++}
     0 | D        | Mgcat the Minotaur Monk began the quest for the Orb.
     0 | D        | Reached XP level 1. HP: 19/19 MP: 0/0
     0 | D        | Found a blossoming altar of Fedhas.
     1 | D        | Found a viscous altar of Jiyva.
     1 | D        | Found a transporter.
     1 | D        | Found a hazy altar of Hepliaklqana.
     1 | D        | Found an ancient bone altar of Kikubaaqudgha.
     1 | D        | Found an opulent altar of Gozag.
     1 | D        | Found a corrupted altar of Lugonu.
     3 | D        | Found a deep blue altar of Sif Muna.
     3 | D        | Found a sacrificial altar of Ru.
     3 | D        | Found a bloodstained altar of Trog.
     3 | D        | Found a stormy altar of Qazlal.
     3 | D        | Found an iron altar of Okawaru.
     3 | D        | Found a sparkling altar of Nemelex Xobeh.
     5 | D        | Found a burning altar of Makhleb.
    23 | D        | Found the +9 heavy crossbow "Sniper" {velocity, Acc+∞ SInv}
    23 | D        | Found the +10 dark maul {crush}
    23 | D        | Found the +15 Maxwell's patent armour {-Cast -Tele rElec MR+ rCorr}
    23 | D        | Found the +18 shield of the Gong {rElec rN+ MR+ EV-5}
    23 | D        | Found the cursed +14 obsidian axe {chop, +Fly SInv *Curse}
    25 | D        | Found the +6 shillelagh "Devastator" {shatter}
    25 | D        | Found the +11 plutonium sword {*Contam Stlth-}
    25 | D        | Found the +8 lance "Wyrmbane" {slay drac, rPois rF+ rC+ AC+3}
    25 | D        | Found the +9 sword of Zonguldrok {reap}
    25 | D        | Found the cursed +13 scythe of Curses {drain, *Curse}
    25 | D        | Found the +0 sword of Power
    25 | D        | Found the +9 mace of Variability {chaos}
    25 | D        | Found the +7 Singing Sword
    25 | D        | Found the +7 longbow "Piercer" {penet, EV-2}
   104 | D        | Became a worshipper of Makhleb the Destroyer
   104 | D        | Reached * piety under Makhleb
   104 | D        | Reached ** piety under Makhleb
   123 | D        | Reached skill level 7 in Fighting
   123 | D        | Reached skill level 7 in Axes
   123 | D        | Reached XP level 2. HP: 34/34 MP: 1/1
   127 | D        | Entered arena 2.
   127 | D        | Noticed a draconian
   127 | D        | Noticed a draconian
   127 | D        | Found a transporter.
   133 | D        | Killed a draconian
   133 | D        | Reached skill level 12 in Fighting
   133 | D        | Reached skill level 12 in Axes
   133 | D        | Reached XP level 3. HP: 38/49 MP: 2/2
   133 | D        | Reached XP level 4. HP: 44/57 MP: 3/3
   133 | D        | Reached XP level 5. HP: 49/63 MP: 4/4
   133 | D        | Reached XP level 6. HP: 55/71 MP: 5/5
   135 | D        | Killed a draconian
   135 | D        | Reached skill level 13 in Fighting
   135 | D        | Reached skill level 13 in Axes
   135 | D        | Reached skill level 4 in Armour
   135 | D        | Reached skill level 4 in Shields
   135 | D        | Reached XP level 7. HP: 60/79 MP: 6/6
   218 | D        | Entered arena 3.
   218 | D        | Found a transporter.
   221 | D        | Reached skill level 5 in Armour
   221 | D        | Reached skill level 5 in Shields
   224 | D        | Reached *** piety under Makhleb
   241 | D        | Entered arena 4.
   241 | D        | Found a transporter.
   245 | D        | Reached **** piety under Makhleb
   250 | D        | Got the +6 morningstar "Cidit" {crush, Dex+7}
   256 | D        | Entered arena 5.
   256 | D        | Found a transporter.
   272 | D        | Got the ring of Jethrywn {Ice Dex+4 Slay+3}
   283 | D        | Entered arena 6.
   283 | D        | Noticed a deep elf mage
   283 | D        | Noticed a flail of protection
   283 | D        | Noticed a deep elf mage
   283 | D        | Noticed a deep elf mage
   283 | D        | Noticed a vampiric scimitar
   283 | D        | Found a transporter.
   286 | D        | Killed a vampiric scimitar
   286 | D        | Reached ***** piety under Makhleb
   286 | D        | Reached skill level 7 in Armour
   286 | D        | Reached skill level 5 in Dodging
   286 | D        | Reached skill level 7 in Shields
   286 | D        | Reached XP level 8. HP: 78/88 MP: 7/7
   292 | D        | Killed a deep elf mage
   292 | D        | Reached skill level 14 in Fighting
   292 | D        | Reached skill level 14 in Axes
   292 | D        | Reached skill level 6 in Dodging
   293 | D        | Killed a deep elf mage
   293 | D        | Reached skill level 8 in Armour
   293 | D        | Reached skill level 7 in Dodging
   293 | D        | Reached skill level 8 in Shields
   293 | D        | Reached XP level 9. HP: 35/96 MP: 8/8
   293 | D        | Killed a flail of protection
   293 | D        | Reached skill level 9 in Armour
   293 | D        | Reached skill level 8 in Dodging
   293 | D        | Reached skill level 9 in Shields
   295 | D        | Killed a deep elf mage
   295 | D        | Reached skill level 15 in Fighting
   295 | D        | Reached skill level 15 in Axes
   556 | D        | Entered arena 7.
   556 | D        | Noticed a cyclops
   556 | D        | Noticed a merfolk
   556 | D        | Noticed a merfolk
   565 | D        | Found a transporter.
   567 | D        | Killed a cyclops
   567 | D        | Reached skill level 10 in Armour
   567 | D        | Reached skill level 10 in Shields
   567 | D        | Reached XP level 10. HP: 105/105 MP: 9/9
   568 | D        | Reached ****** piety under Makhleb
   568 | D        | Reached skill level 9 in Dodging
   590 | D        | Entered arena 8.
   590 | D        | Noticed a draconian
   590 | D        | Noticed a draconian
   590 | D        | Noticed a red draconian
   590 | D        | Noticed a draconian
   590 | D        | Noticed a draconian
   590 | D        | Noticed a yellow draconian
   594 | D        | Found a transporter.
   599 | D        | Killed a draconian
   600 | D        | Killed a draconian
   600 | D        | Reached skill level 11 in Armour
   600 | D        | Reached skill level 11 in Shields
   601 | D        | Killed a yellow draconian
   601 | D        | Reached skill level 16 in Fighting
   601 | D        | Reached skill level 16 in Axes
   601 | D        | Reached skill level 10 in Dodging
   604 | D        | Killed a draconian
   607 | D        | Killed a red draconian
   607 | D        | Reached skill level 12 in Armour
   607 | D        | Reached skill level 12 in Shields
   609 | D        | Killed a draconian
   622 | D        | Entered arena 9.
   623 | D        | Found a transporter.
   628 | D        | Reached skill level 11 in Dodging
   634 | D        | Reached XP level 11. HP: 116/116 MP: 10/10
   641 | D        | Entered arena 10.
   642 | D        | Found the brooch of Shielding {Reflect SH+8}
   644 | D        | Found a transporter.
   673 | D        | Entered arena 11.
   673 | D        | Noticed a purple draconian
   673 | D        | Noticed a yellow draconian
   673 | D        | Noticed a yellow draconian
   673 | D        | Noticed a green draconian
   673 | D        | Noticed a red draconian
   673 | D        | Noticed a purple draconian
   674 | D        | Found a transporter.
   682 | D        | Killed a green draconian
   682 | D        | Killed a purple draconian
   682 | D        | Reached skill level 17 in Fighting
   682 | D        | Reached skill level 17 in Axes
   685 | D        | Reached skill level 13 in Armour
   685 | D        | Reached skill level 13 in Shields
   685 | D        | Killed a purple draconian
   688 | D        | Killed a yellow draconian
   688 | D        | Reached skill level 12 in Dodging
   690 | D        | Killed a red draconian
   695 | D        | Killed a yellow draconian
   695 | D        | Reached skill level 14 in Armour
   695 | D        | Reached skill level 14 in Shields
   704 | D        | Got the amulet of Faper {Regen+ Int-5 Dex+9}
   711 | D        | Entered arena 12.
   711 | D        | Noticed a deep elf annihilator
   711 | D        | Noticed a deep elf archer
   711 | D        | Noticed a deep elf high priest
   711 | D        | Noticed a deep elf sorcerer
   711 | D        | Noticed a deep elf annihilator
   712 | D        | Noticed a deep elf mage
   714 | D        | Killed a deep elf high priest
   715 | D        | Noticed a deep elf annihilator
   715 | D        | Noticed a scimitar of slicing
   715 | D        | Noticed a deep elf archer
   716 | D        | Killed a deep elf mage
   716 | D        | Reached skill level 18 in Axes
   717 | D        | Reached skill level 18 in Fighting
   719 | D        | Killed a deep elf annihilator
   719 | D        | Reached skill level 13 in Dodging
   720 | D        | Killed a scimitar of slicing
   720 | D        | Reached XP level 12. HP: 127/127 MP: 11/11
   722 | D        | Killed a deep elf sorcerer
   726 | D        | Killed a deep elf annihilator
   728 | D        | Killed a deep elf annihilator
   729 | D        | Found a transporter.
   741 | D        | Entered arena 13.
   741 | D        | Noticed Rupert
   741 | D        | Noticed Frances
   741 | D        | Noticed Nikola
   741 | D        | Noticed Louise
   742 | D        | Noticed Saint Roka
   742 | D        | Noticed Psyche
   742 | D        | Noticed Grinder
   742 | D        | Killed Sonja
   743 | D        | Noticed Agnes
   748 | D        | Noticed Edmund
   750 | D        | Killed Psyche
   750 | D        | Reached skill level 15 in Armour
   750 | D        | Reached skill level 15 in Shields
   751 | D        | Killed Grinder
   755 | D        | Killed Agnes
   755 | D        | Reached skill level 14 in Dodging
   761 | D        | Killed Nikola
   761 | D        | Reached skill level 19 in Fighting
   761 | D        | Reached skill level 19 in Axes
   761 | D        | Killed Rupert
   761 | D        | Reached skill level 16 in Armour
   761 | D        | Killed Edmund
   762 | D        | Found a transporter.
   768 | D        | Killed Frances
   768 | D        | Reached skill level 15 in Dodging
   768 | D        | Killed Louise
   768 | D        | Reached XP level 13. HP: 139/139 MP: 12/12
   776 | D        | Killed Saint Roka
   776 | D        | Reached skill level 20 in Fighting
   776 | D        | Reached skill level 20 in Axes
   776 | D        | Reached skill level 17 in Armour
   815 | D        | Entered arena 14.
   826 | D        | Reached skill level 1 in Invocations
   828 | D        | Noticed a ghoul
   829 | D        | Noticed a lich
   845 | D        | Reached skill level 2 in Invocations
   849 | D        | Killed a lich
   849 | D        | Reached skill level 16 in Dodging
   849 | D        | Reached skill level 3 in Invocations
   856 | D        | Killed a ghoul
   856 | D        | Reached skill level 4 in Invocations
   863 | D        | Found a transporter.
   866 | D        | Got the cursed +1 scale mail "Toubiria" {Str+4}
   896 | D        | Entered arena 15.
   915 | D        | Noticed a purple very ugly thing
   916 | D        | Found a transporter.
   919 | D        | Reached skill level 18 in Armour
   919 | D        | Reached skill level 5 in Invocations
   920 | D        | Paralysed by a floating eye for 4 turns
   927 | D        | Killed a purple very ugly thing
   927 | D        | Reached skill level 21 in Fighting
   927 | D        | Reached skill level 21 in Axes
   927 | D        | Reached skill level 6 in Invocations
   928 | D        | Gained mutation: You are partially covered in thin metallic scales. (AC +2) [a neqoxec]
   966 | D        | Got the +2 ring mail "Nuanic" {rC+ Int+2 Dex+5}
  1000 | D        | Entered arena 16.
  1007 | D        | Found the +8 whip "Snakebite" {curare, rPois}
  1007 | D        | Noticed a reaper
  1008 | D        | Noticed a balrug
  1014 | D        | Killed a balrug
  1014 | D        | Reached skill level 17 in Dodging
  1026 | D        | Killed a reaper
  1026 | D        | Reached skill level 7 in Invocations
  1027 | D        | Found a transporter.
  1041 | D        | Got the +2 pair of gloves of Pride {*Corrode rPois rF- Str+8}
  1202 | D        | Entered arena 17.
  1216 | D        | Noticed a ghoul
  1229 | D        | Killed a ghoul
  1233 | D        | Found a transporter.
  1251 | D        | Entered arena 18.
  1269 | D        | Reached skill level 19 in Armour
  1269 | D        | Reached skill level 8 in Invocations
  1269 | D        | Reached XP level 14. HP: 151/151 MP: 17/19
  1279 | D        | Found a transporter.
  1280 | D        | Got the cursed ring "Uruyh" {rC+ EV-2 SInv}
  1308 | D        | Got the ring of Janucy {rF+ Dex+3 Stlth+}
  1315 | D        | Entered arena 19.
  1321 | D        | Noticed a stone giant
  1332 | D        | Reached skill level 9 in Invocations
  1340 | D        | Reached skill level 22 in Fighting
  1340 | D        | Reached skill level 22 in Axes
  1340 | D        | Reached skill level 18 in Dodging
  1358 | D        | Reached skill level 10 in Invocations
  1361 | D        | Reached skill level 20 in Armour
  1367 | D        | Killed a stone giant
  1379 | D        | Found a transporter.
  1409 | D        | Entered arena 20.
  1424 | D        | Noticed an acid blob
  1428 | D        | Found a transporter.
  1431 | D        | Killed an acid blob
  1431 | D        | Reached skill level 11 in Invocations
  1437 | D        | Reached skill level 23 in Fighting
  1437 | D        | Reached skill level 19 in Dodging
  1450 | D        | Reached skill level 23 in Axes
  1481 | D        | Got the ring of Saini {rF+ MR+ Dex+2}
  1492 | D        | Got a pair of polished boots
  1498 | D        | Identified the +0 pair of boots of Inquiry {rF+ rC+ Str-5 Dex+2} (You acquired it in the Dungeon)
  1507 | D        | Entered arena 21.
  1518 | D        | Noticed an iron giant
  1519 | D        | Noticed a reaper
  1519 | D        | Noticed an iron giant
  1520 | D        | Found the +4 robe of Augmentation {Str+4 Int+4 Dex+4}
  1520 | D        | Found the +10 zealot's sword {holy, *Rage rN+ EV+3}
  1521 | D        | HP: 28/157 [??? (21)]
  1522 | D        | Noticed a Hell Sentinel
  1523 | D        | Noticed a reaper
  1525 | D        | HP: 10/157 [Hell Sentinel (17)]
  1531 | D        | Noticed a reaper
  1531 | D        | HP: 35/157 [??? (26)]
  1535 | D        | Killed an iron giant
  1535 | D        | HP: 12/157 [Hell Sentinel (9)]
  1535 | D        | Demolished by a reaper

Skill      XL: |  1  2  3  4  5  6  7  8  9 10 11 12 13 14 |
---------------+-------------------------------------------+-----
Fighting       | 7 12 13 14 15 16 18 19 21 23 | 23.4
Axes           | 7 12 13 14 15 16 18 19 21 23 | 23.1
Armour         | 4 7 8 10 12 14 16 19 20 | 20.8
Shields        | 4 7 8 10 12 14 15 | 15.0
Dodging        | 5 7 8 11 13 15 17 19 | 19.2
Invocations    | 8 11 | 11.7
Stealth        | |  1.5

Action                   |  1- 3 |  4- 6 |  7- 9 | 10-12 | 13-15 || total
-------------------------+-------+-------+-------+-------+-------++-------
Melee: Broad axe         |     5 |     2 |    24 |    84 |   170 ||   285
       Headbutt          |     2 |     1 |     4 |    30 |    62 ||    99
Invok: Lesser Servant of |       |       |       |       |     1 ||     1
Evoke: Wand              |       |       |       |     3 |       ||     3
  Use: Potion            |     1 |       |     1 |     1 |     5 ||     8
       Scroll            |       |       |       |     2 |     3 ||     5
 Stab: Distracted        |       |       |       |     1 |     2 ||     3
  Eat: Chunk             |       |       |       |       |     1 ||     1
Armor: Gold dragon scale |     2 |     1 |     9 |     7 |    45 ||    64
Dodge: Dodged            |       |       |       |     5 |    22 ||    27
Block: Shield            |     8 |       |    31 |   100 |   242 ||   381
       Reflection        |       |       |       |     6 |     5 ||    11

Vault maps used:
D:        sprint_v

Table legend:
 A = Turns spent in this place as a percentage of turns spent in the entire game.
 B = Non-inter-level travel turns spent in this place as a percentage of non-inter-level travel turns spent in the entire game.
 C = Inter-level travel turns spent in this place as a percentage of turns spent in this place.
 D = Turns resting spent in this place as a percentage of non-inter-level travel turns spent in this place.
 E = Turns spent auto-exploring this place as a percentage of non-inter-level travel turns spent in this place.
 F = Non-inter-level travel turns spent in this place divided by the number of levels of this place that you've seen.
                   A       B       C       D       E      F
               +-------+-------+-------+-------+-------+----------------------
         Total | 100.0 | 100.0 |   0.0 |  31.1 |   0.8 | 1535.0
       Dungeon | 100.0 | 100.0 |   0.0 |  31.1 |   0.8 | 1535.0
               +-------+-------+-------+-------+-------+----------------------

Table legend:
 A = Kills in this place as a percentage of kills in entire the game.
 B = Kills by you in this place as a percentage of kills by you in the entire game.
 C = Kills by friends in this place as a percentage of kills by friends in the entire game.
 D = Other kills in this place as a percentage of other kills in the entire game.
 E = Experience gained in this place as a percentage of experience gained in the entire game.
 F = Experience gained in this place divided by the number of levels of this place that you have seen.
                   A       B       C       D       E      F
               +-------+-------+-------+-------+-------+----------------------
         Total | 100.0 | 100.0 | 100.0 | 100.0 | 100.0 | 95306.0
       Dungeon | 100.0 | 100.0 | 100.0 | 100.0 | 100.0 | 95306.0
               +-------+-------+-------+-------+-------+----------------------
